 Dungeon Crawl Stone Soup version 0.28.0-53-g5a82cb258f (webtiles) character file.

Game seed: 12579550466451245662

1290 safid the Cleaver (level 8, -8/66 HPs)
             Began as a Hill Orc Fighter on Aug 15, 2022.
             Mangled by an orc warrior
             ... wielding a +0 battleaxe
              (21 damage)
             ... on level 5 of the Dungeon.
             The game lasted 00:06:33 (6001 turns).

safid the Cleaver (Hill Orc Fighter)                Turns: 6001, Time: 00:06:34

Health: -8/66      AC: 12    Str: 21    XL:     8   Next: 55%
Magic:  8/8        EV:  8    Int:  8    God:
Gold:   220        SH:  8    Dex: 10    Spells: 7/7 levels left

rFire   . . .      SeeInvis .   a - +1 war axe
rCold   . . .      Faith    .   z - +0 kite shield
rNeg    . . .      Spirit   .   b - +0 scale mail
rPois   .          Reflect  .   (no helmet)
rElec   .          Harm     .   (no cloak)
rCorr   +          Rampage  .   (no gloves)
Will    .....                   x - +0 pair of boots
Stlth   ..........              (no amulet)
HPRegen 0.21/turn               f - ring of resist corrosion
MPRegen 0.11/turn               i - +4 ring of protection

@: studying Unarmed Combat
A: no striking features
a: no special abilities


You were on level 5 of the Dungeon.
You visited 1 branch of the dungeon, and saw 6 of its levels.

You collected 220 gold pieces.

Inventory:

Hand Weapons
 a - a +1 war axe (weapon)
Missiles
 s - 8 poisoned darts (quivered)
Armour
 b - a +0 scale mail (worn)
 x - a +0 pair of boots (worn)
 z - a +0 kite shield (worn)
Jewellery
 f - a ring of resist corrosion (left hand)
 i - a +4 ring of protection (right hand)
 o - an amulet of regeneration
 t - an amulet of magic regeneration
 u - a ring of protection from fire
Wands
 w - a wand of iceblast (1)
Scrolls
 c - a scroll of identify
 j - a scroll of enchant weapon
 k - 3 scrolls of teleportation
 l - a scroll of immolation {unknown}
 m - a scroll of enchant armour {unknown}
 n - a scroll of torment {unknown}
 y - a scroll of silence {unknown}
Potions
 d - 2 potions of might
 e - 2 potions of lignification {unknown}
 g - a potion of invisibility
 h - a potion of resistance
 p - 2 potions of cancellation {unknown}
 q - a potion of berserk rage {unknown}
 r - a potion of heal wounds {unknown}
 v - 2 potions of flight
 A - a potion of degeneration {unknown}


   Skills:
 - Level 4.0 Fighting
 + Level 12.6 Axes
 - Level 4.0 Armour
 - Level 4.0 Shields


You had 7 spell levels left.
You didn't know any spells.
Your spell library contained the following spells:

 Spells                   Type           Power      Damage    Failure   Level
 Animate Skeleton         Necr           0%         N/A       98%         1
 Pain                     Necr           0%         1d4       98%         1
 Vampiric Draining        Necr           0%         2d6       100%        3


Dungeon Overview and Level Annotations

Branches:
Dungeon (6/15)
 Temple: D:4-7

Altars:
Hepliaklqana
Makhleb
Nemelex Xobeh
Vehumet
Xom

Shops:
D:1 !


Message History

You hit the orc warrior.
The orc warrior is heavily wounded.
An orc comes into view. It is wielding a +0 club.
The orc priest calls upon Beogh to heal the orc warrior.
You block the orc warrior's attack.
Unknown command.
You closely miss the orc warrior.
The orc warrior is heavily wounded.
The orc warrior closely misses you.
The orc priest shouts, "Beogh is our master!
Accept the truth or die!"
You slash the orc warrior!
The orc warrior is almost dead.
The orc priest calls down the wrath of Beogh upon you.
Beogh smites you!
* * * LOW HITPOINT WARNING * * *
The orc warrior closely misses you.
You closely miss the orc warrior.
The orc warrior is almost dead.
The orc warrior hits you with a +0 battleaxe!
* * * LOW HITPOINT WARNING * * *
Unknown command.
You hit the orc warrior but do no damage.
The orc warrior is almost dead.
You block the orc warrior's attack.
Unknown command.
You closely miss the orc warrior.
The orc warrior is almost dead.
The orc warrior closely misses you.
Unknown command.
The orc priest looks braver for a moment.
Items here: )))) [[[[.
There is a stone staircase leading up here.
The orc warrior barely misses you.
You climb upwards.
Reactivating autopickup.
There is a stone staircase leading down here.
You barely miss the orc warrior.
The orc warrior is severely wounded.
The orc warrior hits you with a +0 battleaxe!!
You die...

...# #.......>.#...#.............
##.###.##...#..#...#......##.....
.#...#.##...#..#......##.###.....
##.#...###.##..#......##.# #.####
...#...###.##..#..#......# #.#...
#########...........###### #.#.##
.......##.###..#)[### #.#...
######.##.#####.o.# #.####
....#..##...)...@<##########.##.#
##..#.###########......<.....##..
......# #........######..##.###..
)...#####.#####..##############.#
.[..#.(.........................#
....#.######..#..##############.#
....#.# #..#..# #.........#.#
#####.# #..#..# #.#######....
......# ###.)#..# #....<..#####


You could see an orc warrior.

Vanquished Creatures
  Grinder (D:5)
  An ogre (D:5)
  A scorpion (D:4)
  5 wights
  2 howler monkeys
  2 bullfrog zombies (D:5)
  A crimson imp (D:5)
  An orc priest (D:4)
  2 jellies
  2 hounds
  A centaur skeleton (D:5)
  Jessica (D:2)
  An iguana (D:3)
  Natasha (D:2)
  An orc wizard (D:5)
  A hound skeleton (D:4)
  6 gnolls
  4 adders
  An ufetubus (D:5)
  4 worms
  11 dart slugs
  14 orcs
  5 ball pythons
  10 endoplasms
  3 giant cockroaches
  9 goblins
  7 hobgoblins
  3 jackals (D:3)
  4 quokkas
  2 bats (D:2)
  4 frilled lizards
  4 kobolds
  7 rats
122 creatures vanquished.

Vanquished Creatures (others)
  A goblin (D:1)
  A frilled lizard (D:1)
  4 plants (D:1)
6 creatures vanquished.

Grand Total: 128 creatures vanquished

Notes
Turn   | Place    | Note
-------+----------+-------------------------------------------
     0 | D:1      | safid the Hill Orc Fighter began the quest for the Orb.
     0 | D:1      | Reached XP level 1. HP: 19/19 MP: 1/1
   227 | D:1      | Reached XP level 2. HP: 27/27 MP: 2/2
   283 | D:1      | Reached skill level 3 in Axes
   493 | D:1      | Found Zauwnim's Distillery.
   871 | D:1      | Reached XP level 3. HP: 33/33 MP: 3/3
  1022 | D:2      | Reached skill level 4 in Axes
  1022 | D:2      | Reached XP level 4. HP: 38/40 MP: 4/4
  1099 | D:2      | Noticed Jessica
  1104 | D:2      | Killed Jessica
  1412 | D:2      | Found a sparkling altar of Nemelex Xobeh.
  1439 | D:2      | Noticed Natasha
  1443 | D:2      | Killed Natasha
  1444 | D:2      | Reached skill level 5 in Axes
  1444 | D:2      | Reached XP level 5. HP: 45/46 MP: 5/5
  1872 | D:3      | Reached skill level 6 in Axes
  1875 | D:3      | Found a faded altar of an unknown god.
  2660 | D:4      | Reached XP level 6. HP: 29/52 MP: 6/6
  3005 | D:4      | Reached skill level 7 in Axes
  3086 | D:4      | Reached skill level 8 in Axes
  3345 | D:4      | Found a radiant altar of Vehumet.
  3382 | D:4      | Reached skill level 9 in Axes
  3382 | D:4      | Reached XP level 7. HP: 48/59 MP: 7/7
  4349 | D:4      | Found a hazy altar of Hepliaklqana.
  4412 | D:5      | Entered Level 5 of the Dungeon
  4510 | D:5      | Noticed Grinder
  4525 | D:5      | Paralysed by Grinder for 4 turns
  4531 | D:5      | Paralysed by Grinder for 3 turns
  4538 | D:5      | Killed Grinder
  4539 | D:5      | Reached skill level 10 in Axes
  4539 | D:5      | Reached XP level 8. HP: 15/66 MP: 8/8
  4819 | D:5      | Found a shimmering altar of Xom.
  4819 | D:5      | Found a burning altar of Makhleb.
  4829 | D:5      | Reached skill level 11 in Axes
  5572 | D:5      | Reached skill level 12 in Axes
  5845 | D:6      | Identified the +1 robe of Distant Shores {Drain Fly rElec
                  | rF+}
  6001 | D:5      | Mangled by an orc warrior

Illustrated notes

Levels and vault maps discovered:
D:1:      shiori_arrival_oz, layout_loops_ring, serial_shops, shop,
          serial_bayou_pond_a
D:2:      layout_loops_ring, basic_altar, corexii_corridor_pit, uniq_natasha,
          uniq_jessica
D:3:      layout_basic, basic_ecumenical_altar
D:4:      kennysheep_slugbush, layout_basic, mainiacjoe_overflow_catwalk,
          nicolae_hepliaklqana_hippocampus, minmay_manual_mess
D:5:      layout_loops_ring, grunt_temple_overflow_champion_of_chaos,
          serial_co_window_serial, co_window_cross_1,
          co_window_of_opportunity_a, co_window_corner_a, co_window_paths_a,
          co_window_of_opportunity_a, co_window_of_opportunity_a,
          co_window_paths_a, co_window_paths_b, co_window_paths_a,
          co_window_of_opportunity_c, co_window_corner_ca,
          co_window_of_opportunity_b, co_window_paths_e, uniq_grinder
D:6:      layout_loops_corners, mainiacjoe_overflow_big_doors,
          minmay_temple_entry_junction, serial_shops, nicolae_shop_behind_doors,
          grunt_ministairs_8

Skill      XL: |  1  2  3  4  5  6  7  8 |
---------------+-------------------------+-----
Axes           | 3 4 5 6 9 10 12 | 12.6
Fighting       | 4 |  4.0
Armour         | 4 |  4.0
Shields        | 4 |  4.0

Action                   |  1- 3 |  4- 6 |  7- 9 || total
-------------------------+-------+-------+-------++-------
Melee: War axe           |    77 |   160 |   158 ||   395
Throw: Dart              |       |     3 |       ||     3
  Use: Scroll            |       |       |     3 ||     3
 Stab: Distracted        |     1 |       |       ||     1
       Invisible         |       |       |     1 ||     1
Armor: Scale mail        |    25 |    95 |    53 ||   173
Dodge: Dodged            |    36 |    76 |    46 ||   158
Block: Buckler           |    16 |    35 |    14 ||    65
       Kite shield       |       |       |    19 ||    19
